 Dungeon Crawl Stone Soup version 0.31.0-9-g3a7656b989 (webtiles) character file.

Game seed: 11669376044319698808

154 qw the Skirmisher (level 5, -1/29 HPs)
             Began as a Deep Elf Hunter on Feb 2, 2024.
             Killed by nerve-wracking pain
             ... invoked by an orc priest
              (5 damage)
             ... on level 3 of the Dungeon.
             The game lasted 00:00:05 (1684 turns).

qw the Skirmisher (Deep Elf Hunter)                 Turns: 1684, Time: 00:00:06

Health: -1/29      AC:  8    Str: 10    XL:     5   Next: 13%
Magic:  7/7        EV: 11    Int: 14    God:
Gold:   71         SH:  0    Dex: 18    Spells: 4/4 levels left

rFire   + . .        a - +1 shortbow
rCold   . . .        (shield currently unavailable)
rNeg    . . .        f - +3 ring mail {rF+}
rPois   +            (no helmet)
rElec   .            (no cloak)
rCorr   .            (no gloves)
SInv    .            (no boots)
Will    .....        (no amulet)
Stlth   +            d - ring of poison resistance
HPRegen 0.24/turn    (no ring)
MPRegen 0.10/turn

%: no passive effects
@: no status effects
A: no striking features
a: no special abilities


You were on level 3 of the Dungeon.
You visited 1 branch of the dungeon, and saw 3 of its levels.

You collected 71 gold pieces.


   Skills:
 - Level 1.5 Fighting
 + Level 8.5 Ranged Weapons
 - Level 2.4 Dodging
 - Level 1.2 Stealth


You had 4 spell levels left.
You didn't know any spells.
Your spell library was empty.

Inventory:

Hand Weapons
 a - a +1 shortbow (weapon)
Armour
 e - the +2 leather armour of Winter {rElec rN+ Dex+2}
   (You found it on level 2 of the Dungeon)

   Dex+2:     It affects your dexterity (+2).
   rElec:     It insulates you from electricity.
   rN+:       It protects you from negative energy.
 f - a +3 ring mail of fire resistance (worn)
Jewellery
 d - a ring of poison resistance (left hand)
Scrolls
 b - 2 scrolls of identify

Dungeon Overview and Level Annotations

Branches:
Dungeon (3/15)

Altars:
Hepliaklqana

Annotations:
D:3 Ijyb


Message History

You shoot an arrow. The arrow barely misses Ijyb.
Ijyb hits you with a +0 dagger. The orc barely misses you.
You shoot an arrow. The arrow hits Ijyb but does no damage.
Ijyb is heavily wounded.
Ijyb misses you. The orc priest hits you with a +0 whip.
The orc hits you but does no damage.
You shoot an arrow. The arrow barely misses Ijyb.
Ijyb hits you but does no damage. The orc priest closely misses you.
The orc barely misses you.
You shoot an arrow. The arrow hits Ijyb.
Ijyb is severely wounded.
Ijyb zaps a wand.
You resist with some effort.
The orc priest hits you but does no damage.
The orc barely misses you.
Ijyb zaps a wand.
You resist with some effort.
The orc priest hits you but does no damage.
The orc hits you but does no damage.
You shoot an arrow. The arrow closely misses Ijyb.
Ijyb hits you but does no damage. The orc barely misses you.
The orc priest mumbles some strange prayers to Beogh against you.
Beogh smites you!
You shoot an arrow. The arrow hits Ijyb but does no damage.
Ijyb is severely wounded.
Ijyb misses you. The orc closely misses you.
The orc priest completely misses you.
You shoot an arrow. The arrow hits Ijyb.
Ijyb is severely wounded.
Ijyb misses you.
The orc priest invokes the aid of Beogh against you.
Beogh smites you! The orc misses you.
You shoot an arrow. The arrow hits Ijyb.
Ijyb is almost dead.
Ijyb screams, "Me kill you!" Ijyb barely misses you.
The orc priest completely misses you. The orc hits you but does no damage.
You shoot an arrow. The arrow hits Ijyb but does no damage.
Ijyb is almost dead.
Ijyb hits you but does no damage.
The orc priest mumbles some strange prayers to Beogh against you.
Pain shoots through your body!
You die...

#.)#.#########
#.)#.........#
#..#########.#
#..# #.# #..#
#.# #.)# #.#
#.)# #.# #.#
#@#
....(.goo..[$..
#####.7.77777.7
...7.. ##. 7.7
.. 7.7 .. 7.7
### 7..


You could see Ijyb, an orc priest and an orc.

Vanquished Creatures
  A bombardier beetle (D:3)
  An orc priest (D:3)
  Terence (D:2)
  2 adders
  A gnoll (D:1)
  3 orcs (D:3)
  8 endoplasms
  3 goblins (D:2)
  A hobgoblin (D:1)
  4 ball pythons
  3 bats
  A frilled lizard (D:1)
  6 kobolds
  4 rats
39 creatures vanquished.

Notes
Turn   | Place    | Note
-------+----------+-------------------------------------------
     0 | D:1      | qw the Deep Elf Hunter began the quest for the Orb.
     0 | D:1      | Reached XP level 1. HP: 12/12 MP: 3/3
     0 | D:1      | 0 ||| qw: Version: 0.3-a-155-g5e7d8dd
     0 | D:1      | 0 ||| qw: Game counter: 1433
     0 | D:1      | 0 ||| qw: Melee chars always use a shield: true
     0 | D:1      | 0 ||| qw: God list: Okawaru
     0 | D:1      | 0 ||| qw: Allow faded altars: false
     0 | D:1      | 0 ||| qw: Do Orc after clearing Dungeon:15 true
     0 | D:1      | 0 ||| qw: Do second Lair branch before Depths: true
     0 | D:1      | 0 ||| qw: Lair rune preference: random
     0 | D:1      | 0 ||| qw: Goals: Normal
     0 | D:1      | 0 ||| PLANNING D:1-11
   119 | D:1      | Reached skill level 6 in Ranged Weapons
   119 | D:1      | Reached XP level 2. HP: 10/16 MP: 4/4
   730 | D:1      | 730 ||| READING scroll labelled HEISUS VISIA.
   731 | D:1      | 731 ||| READING scroll labelled XIVVEZ EBAUFF.
   732 | D:1      | 732 ||| READING scroll labelled WOSEQ ODAOMAWN.
   733 | D:1      | 733 ||| READING scroll labelled AKHUIMOULU.
   738 | D:1      | 738 ||| READING scroll labelled BOICEI HEIGAI.
   738 | D:1      | 738 ||| ENCHANTING +0 shortbow.
   739 | D:1      | 739 ||| READING scroll labelled KUOXYO JAIME.
   739 | D:1      | 739 ||| ENCHANTING +0 shortbow.
   740 | D:1      | 740 ||| DRINKING 2 lumpy puce potions.
   741 | D:1      | 741 ||| DRINKING 2 fuming golden potions.
   742 | D:1      | 742 ||| DRINKING clear potion.
   746 | D:1      | 746 ||| DROPPING scroll of butterflies.
   747 | D:1      | 747 ||| DROPPING potion of invisibility.
   748 | D:1      | 748 ||| DROPPING potion of ambrosia.
   816 | D:2      | Reached XP level 3. HP: 15/20 MP: 5/5
   963 | D:2      | Identified the +2 leather armour of Winter {rElec rN+
                  | Dex+2}
   993 | D:2      | Found a faded altar of an unknown god.
  1054 | D:2      | Found the +7 Throatcutter {drain, coup de grace}
  1057 | D:2      | Noticed Terence
  1072 | D:2      | HP: 2/20 [Terence/+0 flail (6)]
  1073 | D:2      | Killed Terence
  1074 | D:2      | Reached skill level 7 in Ranged Weapons
  1169 | D:2      | Reached XP level 4. HP: 25/25 MP: 6/6
  1344 | D:2      | 1344 ||| UPGRADING to +2 leather armour of Winter {rElec
                  | rN+ Dex+2}.
  1354 | D:2      | 1354 ||| DROPPING +0 leather armour.
  1355 | D:2      | 1355 ||| UPGRADING to +3 ring mail of fire resistance.
  1365 | D:2      | 1365 ||| UPGRADING to ring of poison resistance.
  1366 | D:2      | 1366 ||| READING 3 scrolls labelled CIMABB QEITYQI.
  1386 | D:3      | Found a hazy altar of Hepliaklqana.
  1445 | D:3      | Reached skill level 8 in Ranged Weapons
  1452 | D:3      | HP: 6/25 [burnt (2)]
  1603 | D:3      | Reached XP level 5. HP: 17/29 MP: 7/7
  1668 | D:3      | Noticed Ijyb
  1682 | D:3      | HP: 4/29 [orc priest/divine providence (14)]
  1684 | D:3      | Killed from afar by an orc priest

Levels and vault maps discovered:
D:1:      matt_arrival_los_fun, layout_basic
D:2:      layout_basic, shapermc_ecumenical_altar_starsandcircs,
          item_on_display_a, uniq_terence
D:3:      layout_basic, mainiacjoe_overflow_cross_hatched,
          mainiacjoe_overflow_concentric_impassable, trog_hazing_becter,
          uniq_ijyb, uniq_jessica

Skill      XL: |  1  2  3  4 |
---------------+-------------+-----
Ranged Weapons | 6 7 8 |  8.5
Fighting       | |  1.5
Dodging        | |  2.4
Stealth        | |  1.2

Action                     |  1- 3 |  4- 6 || total
---------------------------+-------+-------++-------
   Fire: Shortbow          |    75 |    57 ||   132
    Use: Scroll            |     6 |     1 ||     7
         Potion            |     3 |       ||     3
 Armour: Leather armour    |     9 |     1 ||    10
         Ring mail         |       |    15 ||    15
  Dodge: Dodged            |    21 |    17 ||    38

Table legend:
 A = Non-vault XP
 B = Vault XP
 C = Vault XP percentage of total XP
 D = Non-vault monster count
 E = Vault monster count
 F = Vault count percentage of total count
                 A         B        C        D         E       F
            +---------+---------+-------+---------+---------+-------
      Total |     185 |      36 |  16.3 |      38 |       1 |   2.6
            +---------+---------+-------+---------+---------+-------
        D:1 |      33 |       0 |   0.0 |      15 |       0 |   0.0
        D:2 |      33 |      36 |  52.2 |      12 |       1 |   7.7
        D:3 |     119 |       0 |   0.0 |      11 |       0 |   0.0
            +---------+---------+-------+---------+---------+-------
